 Dungeon Crawl Stone Soup version bcrawl-1.28 (webtiles) character file.

Game seed: 11445331596263333961

262294 LostNumber the Ducker (level 9, -2/61 HPs)
             Began as a Fairy Fighter on Nov 27, 2020.
             Killed by divine providence
             ... invoked by an orc priest
              (11 damage)
             ... on level 6 of the Dungeon.
             The game lasted 00:10:51 (5967 turns).

LostNumber the Ducker (Fairy Fighter)               Turns: 5967, Time: 00:10:52

Health: -2/61      AC: 11    Str: 14    XL:     9   Next: 26%
Magic:  23/23      EV: 14    Int: 13    God:
Gold:   451        SH: 16    Dex: 14    Spells: 8/8 levels left

rFire    . . .     SeeInvis .   f - +1 hand axe (vamp) {!w}
rCold    . . .     Gourm    .   b - +0 medium shield
rNeg     . . .     Faith    .   (armour unavailable)
rPois    .         Spirit   .   c - +2 helmet
rElec    .         Reflect  .   (no cloak)
rCorr    .         Harm     .   l - +1 pair of gloves
MR       .....                  (no boots)
Stlth    ..........             r - amulet of rage
HPRegen  0.20/turn              o - ring of magical power
MPRegen  0.18/turn              (no ring)

@: flying evasively, starving, heavily drained
A: small, magic attunement, unstealthy, unfitting armour, able to fly, AC/SH +6
a: Stop Flying, Evoke Berserk Rage


You were on level 6 of the Dungeon.
You were starving.

You visited 1 branch of the dungeon, and saw 6 of its levels.
You also visited: Sewer and Ossuary.

You collected 451 gold pieces.

Inventory:

Hand Weapons
 a - a +0 rapier
 f - a +1 vampiric hand axe (weapon) {!w}
   (You found it on level 1 of the Dungeon)
 s - a +2 short sword of electrocution
   (You took it off a kobold on level 2 of the Dungeon)
 u - a cursed -3 hand axe
   (You found it on level 3 of the Dungeon)
Missiles
 m - a throwing net {=f!f}
Armour
 b - a +0 medium shield (worn)
 c - a +2 helmet (worn)
   (You found it on level 6 of the Dungeon)
 l - a +1 pair of gloves (worn)
   (You found it on level 2 of the Dungeon)
Jewellery
 o - a ring of magical power (left hand)
   (You found it on level 2 of the Dungeon)
 r - an amulet of rage (around neck)
   (You found it on level 2 of the Dungeon)
Wands
 t - a wand of polymorph (14)
   (You found it on level 3 of the Dungeon)
 y - a wand of random effects (5)
   (You found it on level 4 of the Dungeon)
Scrolls
 g - 2 scrolls of teleportation {@r4}
 i - 8 scrolls of remove curse {@r2}
 j - 2 scrolls of enchant armour
 k - 2 scrolls of enchant weapon
 A - a scroll of acquirement {unknown}
 B - a scroll of blinking
 C - 3 scrolls of identify {@r1}
Potions
 d - a potion of degeneration {unknown}
 h - a potion of ambrosia {unknown}
 n - 10 potions of curing {unknown}
 p - 3 potions of flight {unknown}
 q - 3 potions of brilliance
 v - a potion of magic {unknown}
 w - a potion of haste {@q3}
 x - 2 potions of cancellation
 z - 5 potions of heal wounds {@q2}


   Skills:
 + Level 5.2(3.5) Fighting
 - Level 2.2(0.6) Short Blades
 * Level 5.6(3.8) Axes
 + Level 7.5(5.7) Dodging
 + Level 6.9(5.1) Shields
 + Level 4.7(3.0) Evocations


You had 8 spell levels left.
You didn't know any spells.
Your spell library was empty.

Dungeon Overview and Level Annotations

Branches:
Dungeon (6/12)
 Temple: D:4-7

Altars:
Fedhas
Zin


Innate Abilities, Weirdness & Mutations

Your spells do not cause hunger and MP costs are reduced by 1.
Your bright wings attract enemies. (Stealth-)
You cannot fit into any form of body armour.
Your shimmering scales are hard and can block incoming attacks. (AC +6, SH +6)
You are small and have problems with some larger weapons.
You can fly continuously.


Message History

The orc priest calls down the wrath of Beogh upon you.
Beogh smites you!
* * * LOW HITPOINT WARNING * * *
The crimson imp hits you but does no damage.
You hit the orc priest but do no damage.
You hit the orc priest.
You feel better.
You closely miss the crimson imp. You closely miss the orc.
You block the orc priest's attack. You block the crimson imp's attack.
The orc hits you but does no damage. You block the orc priest's attack.
You hit the orc priest.
You feel better.
You barely miss the orc priest. You miss the crimson imp.
You closely miss the orc.
The orc priest invokes the aid of Beogh against you.
Beogh smites you!
* * * LOW HITPOINT WARNING * * *
You block the crimson imp's attack. The orc hits you with a +0 club.
* * * LOW HITPOINT WARNING * * *
The orc priest barely misses you.
You hit the orc priest but do no damage.
You closely miss the orc priest. You miss the crimson imp.
Your shield prevents you from hitting the orc wizard.
Your shield prevents you from hitting the orc.
The orc wizard closely misses you. The crimson imp breathes fire at you.
The flame tongue misses you.
The flame tongue hits the orc priest.
The orc priest invokes the aid of Beogh against you.
Beogh smites you!
* * * LOW HITPOINT WARNING * * *
You block the orc's attack.
The orc priest calls upon Beogh to heal the orc.
The orc is healed somewhat.
The orc wizard begins to cast a cantrip, but forgets the words!
The crimson imp barely misses you.
You hit the orc priest.
You feel better.
You hit the orc priest but do no damage.
You hit the crimson imp.
You hit the orc wizard but do no damage.
You hit the orc but do no damage. You block the orc's attack.
You block the orc priest's attack.
The orc priest mumbles some strange prayers to Beogh against you.
You resist with significant effort.
The orc wizard hits you with a +0 dagger.
* * * LOW HITPOINT WARNING * * *
The crimson imp barely misses you. The orc hits you but does no damage.
You hit the orc priest.
You feel better.
You hit the orc. You closely miss the orc wizard.
Your shield prevents you from hitting the crimson imp.
You hit the orc priest but do no damage.
The orc priest mumbles some strange prayers to Beogh against you.
Beogh smites you!
You die...

*,*****,* *,,,,,,,*
*,*****.# *,* #.# #.* #.#
#.#####.#####
#....!......#
****#...o5...#*,* #
*,,,+...o@...#*,* #
**,*#...oo..>##.* #####
**+##........##.# ##...#
*,.........#+##.# #....'
*,....####....#.# #(...#
*,....#####...#.# #....#
*#+##.....'...#.# #.####
#.########...#.#####)####
*,...,,* ##.........<....


You could see 2 orc priests, an orc wizard, a crimson imp and an orc.

Vanquished Creatures
  A hungry ghost (D:6)
  Edmund (D:6)
  2 sky beasts (D:6)
  A phantom (D:6)
  2 ice beasts (D:6)
  2 ogres (D:6)
  4 bullfrogs (D:6)
  A big kobold (Sewer)
  7 water moccasin zombies (Ossuary)
  A bullfrog zombie (D:4)
  A quasit (D:3)
  2 worker ants (D:6)
  2 big kobold zombies (Ossuary)
  A hound skeleton (D:6)
  2 mummies (Ossuary)
  2 worker ant zombies
  9 adders
  A river rat (Sewer)
  2 oozes (D:1)
  7 adder zombies (Ossuary)
  2 adder skeletons
  4 worms
  4 dart slugs
  8 leopard geckos
  6 orcs
  7 giant cockroaches
  2 gnoll zombies (Ossuary)
  5 goblins
  12 hobgoblins
  3 jackals
  3 quokkas
  5 bats
  6 frilled lizards
  4 hobgoblin zombies (Ossuary)
  11 kobolds
  6 orc zombies (Ossuary)
  A quokka skeleton (D:4)
  11 rats
151 creatures vanquished.

Notes
Turn   | Place    | Note
-------+----------+-------------------------------------------
     0 | D:1      | LostNumber the Fairy Fighter began the quest for the Orb.
     0 | D:1      | Reached XP level 1. HP: 15/15 MP: 3/3
    91 | D:1      | Reached XP level 2. HP: 10/20 MP: 4/4
   449 | D:1      | Reached XP level 3. HP: 24/25 MP: 5/5
   895 | D:1      | Reached skill level 1 in Axes
  1220 | D:2      | Reached XP level 4. HP: 29/31 MP: 6/6
  1531 | D:2      | Found a blossoming altar of Fedhas.
  2083 | D:3      | Reached XP level 5. HP: 16/36 MP: 7/7
  2322 | D:3      | Reached skill level 1 in Evocations
  2480 | D:3      | Reached skill level 5 in Dodging
  3171 | D:3      | Reached XP level 6. HP: 42/42 MP: 9/9
  3463 | D:5      | Entered Level 5 of the Dungeon
  3540 | D:5      | Found a glowing drain.
  3622 | Sewer    | Entered a sewer
  3785 | Sewer    | Reached skill level 5 in Shields
  3831 | Sewer    | Found a white marble altar of Elyvilon.
  4146 | D:5      | Noticed a sky beast
  4204 | D:6      | Reached XP level 7. HP: 33/47 MP: 10/10
  4318 | D:6      | Found a sand-covered staircase.
  4319 | D:6      | Noticed a hungry ghost
  4325 | Ossuary  | Entered an ossuary
  4441 | Ossuary  | Reached skill level 6 in Dodging
  4501 | Ossuary  | Reached XP level 8. HP: 14/54 MP: 12/12
  5053 | D:6      | Found a glowing silver altar of Zin.
  5152 | D:6      | Reached skill level 7 in Dodging
  5328 | D:6      | Reached skill level 5 in Axes
  5336 | D:6      | Noticed Edmund
  5350 | D:6      | Reached skill level 5 in Fighting
  5350 | D:6      | Reached XP level 9. HP: 59/61 MP: 14/14
  5401 | D:6      | Killed Edmund
  5967 | D:6      | Killed from afar by an orc priest

Skill      XL: |  1  2  3  4  5  6  7  8 |
---------------+-------------------------+-----
Shields        | 4 5 6 |  6.9
Fighting       | 3 4 5 |  5.2
Axes           | 1 2 3 5 |  5.6
Evocations     | 1 2 3 4 |  4.7
Dodging        | 5 6 7 |  7.5
Short Blades   | |  2.2

Action                   |  1- 3 |  4- 6 |  7- 9 || total
-------------------------+-------+-------+-------++-------
Melee: Rapier            |    26 |       |       ||    26
       Hand axe          |   109 |   386 |   545 ||  1040
 Abil: Evoke Berserk Rag |       |     1 |       ||     1
       Fly               |       |       |     1 ||     1
       Stop Flying       |       |       |     1 ||     1
  Use: Scroll            |       |    11 |       ||    11
       Potion            |       |       |     1 ||     1
  Eat: Ration            |     1 |     1 |     6 ||     8
       Chunk             |     7 |    20 |     3 ||    30
Armor: Skin              |    24 |   106 |   109 ||   239
Dodge: Dodged            |    48 |   209 |   180 ||   437
Block: Medium shield     |    97 |   382 |   463 ||   942
